 Dungeon Crawl Stone Soup version 0.25-a0-317-g5f8687bca5 (webtiles) character file.

Game seed: 10166575997089422499, levelgen mode: deterministic

534 ANON1729 the Digger (level 7, 0/45 HPs)
             Began as an Octopode Earth Elementalist on Dec 27, 2019.
             Killed from afar by an orc wizard (5 damage)
             ... with a puff of frost
             ... on level 5 of the Dungeon.
             The game lasted 00:07:27 (6003 turns).

ANON1729 the Digger (Octopode Earth Elementalist)   Turns: 6003, Time: 00:07:28

Health: 0/45       AC:  1    Str:  8    XL:     7   Next: 25%
Magic:  0/11       EV: 14    Int: 17    God:
Gold:   244        SH:  0    Dex: 14    Spells: 5/12 levels left

rFire    . . .     SeeInvis .   f - +0 dagger
rCold    . . .     Gourm    .   (no shield)
rNeg     . . .     Faith    .   (helmet restricted)
rPois    .         Spirit   .   (no amulet)
rElec    .         Reflect  .   (no ring)
rCorr    .         Harm     .   (no ring)
MR       .....                  (no ring)
Stlth    +++++.....             (no ring)
HPRegen  0.15/turn              (no ring)
MPRegen  0.12/turn              (no ring)
                                (no ring)
                                (no ring)

@: no status effects
A: almost no armour, stealthy swim, amphibious, 8 rings, constrict 8, camouflage
1, gelatinous body 1
a: no special abilities


You were on level 5 of the Dungeon.
You were not hungry.

You visited 1 branch of the dungeon, and saw 5 of its levels.

You collected 244 gold pieces.

Inventory:

Hand Weapons
 f - a +0 dagger (weapon)
Missiles
 b - 162 stones (quivered)
Jewellery
 e - an uncursed ring of fire
 m - an uncursed amulet of rage {unknown}
Scrolls
 a - 2 scrolls of immolation {unknown}
 d - a scroll of remove curse {unknown}
 g - 2 scrolls of identify {unknown}
 h - 2 scrolls of teleportation
 i - a scroll of enchant armour {unknown}
 j - a scroll of magic mapping {unknown}
 k - 2 scrolls of enchant weapon {unknown}
 l - 2 scrolls of blinking {unknown}
 o - 2 scrolls of amnesia {unknown}
Potions
 n - a potion of mutation {unknown}
Comestibles
 c - 9 rations


   Skills:
 + Level 2.1 Fighting
 + Level 2.2 Short Blades
 + Level 3.2 Dodging
 + Level 4.5 Stealth
 + Level 3.1 Spellcasting
 * Level 1.5 Transmutations
 * Level 5.3 Earth Magic


You had 5 spell levels left.
You knew the following spells:

 Your Spells              Type           Power        Failure   Level  Hunger
a - Sandblast             Erth           ###...       1%          1    None
b - Passwall              Tmut/Erth      ##......     6%          2    ##.....
c - Petrify               Tmut/Erth      ##......     38%         4    ####...

Your spell library contained the following spells:

 Spells                   Type           Power        Failure   Level  Hunger
 Stone Arrow              Conj/Erth      ##....       17%         3    ###....
 Lee's Rapid Deconstruct  Erth           ###.......   47%         5    ######.


Dungeon Overview and Level Annotations

Branches:
Dungeon (5/15)
 Temple: D:4-7

Altars:
Okawaru


Innate Abilities, Weirdness & Mutations

You cannot wear most types of armour.
You are very stealthy in the water. (Stealth+)
You are amphibious.
You can wear up to eight rings at the same time.
You can use your tentacles to constrict eight enemies at once.
Your skin changes colour to match your surroundings (Stealth+).
Your rubbery body absorbs attacks. (AC +1, EV +1)


Message History

Aiming: Sandblast (safe; 1% risk of failure)
Press: ? - help, Shift-Dir - straight line, f/p - orc wizard
Aim: an orc wizard, wielding a +0 dagger and wearing a +0 robe (almost dead)
The blast of sand hits the orc wizard but does no damage.
The orc wizard is almost dead.
b - 163 stones The orc wizard mumbles some strange words.
The orc wizard seems to speed up.
Casting: Sandblast (safe; 1% risk of failure)
Confirm with . or Enter, or press ? or * to list all spells.
You don't have enough magic to cast that spell.
Unknown command.
You aren't carrying any items that you can evoke.
Throwing (i - inventory)
b - 163 stones (quivered)
Press: ? - help, Shift-Dir - straight line, f/p - orc wizard
Aim: an orc wizard, wielding a +0 dagger and wearing a +0 robe (almost dead, fast)
You throw a stone. The stone barely misses the orc wizard.
The orc wizard casts a spell at you. The puff of frost hits you.
You die...

♣P≈≈ #...#...#.# ♣P≈♣♣
###.##..... ♣≈P♣
#........ #♣♣♣♣♣♣≈≈♣♣♣♣
#..###...
.PPPP≈.≈≈≈.P♣♣##..# #...
...≈≈≈≈≈≈..≈≈..#..###...
♣≈≈P.≈≈♣P♣♣P.#...##...
♣♣♣♣♣.♣♣♣♣♣♣.###.##...
♣P@♣ #....###..#... ♣♣§♣
♣...........). ♣o♣
♣...........#. ♣.♣
#...........#. ......).#
#...........#. ..o....(.
#...........#.
......###.###########)#.
(..... .# #.#. ...... .
#.#.


You could see an orc wizard.

Vanquished Creatures
  A centaur (D:5)
  A scorpion (D:4)
  A howler monkey (D:2)
  A hound (D:4)
  2 orc wizards (D:4)
  An orc priest (D:5)
  Natasha (twice) (D:3)
  A worker ant (D:3)
  Robin (D:3)
  7 adders
  An adder zombie (D:4)
  An adder skeleton (D:4)
  A dart slug (D:1)
  2 leopard geckos
  7 orcs
  5 bats
  A giant cockroach (D:2)
  11 goblins
  11 hobgoblins
  7 jackals
  5 quokkas
  6 frilled lizards
  9 kobolds
  9 rats
94 creatures vanquished.

Notes
Turn   | Place    | Note
-------+----------+-------------------------------------------
     0 | D:1      | ANON1729 the Octopode Earth Elementalist began the quest
                  | for the Orb.
     0 | D:1      | Reached XP level 1. HP: 11/11 MP: 3/3
    84 | D:1      | Reached XP level 2. HP: 8/17 MP: 1/5
  1407 | D:1      | Reached XP level 3. HP: 21/21 MP: 6/6
  1919 | D:2      | Reached skill level 4 in Earth Magic
  1919 | D:2      | Reached XP level 4. HP: 21/27 MP: 3/7
  2252 | D:2      | Reached skill level 1 in Short Blades
  2560 | D:2      | Reached XP level 5. HP: 23/32 MP: 8/8
  2709 | D:2      | Reached skill level 1 in Fighting
  4046 | D:3      | Noticed Natasha
  4046 | D:3      | Noticed Robin
  4118 | D:3      | Killed Natasha
  4127 | D:3      | Killed Robin
  4428 | D:3      | Found an iron altar of Okawaru.
  4697 | D:3      | Noticed Natasha
  4699 | D:3      | Killed Natasha
  4699 | D:3      | Reached XP level 6. HP: 30/38 MP: 6/10
  4796 | D:3      | Learned a level 2 spell: Passwall
  4801 | D:3      | Learned a level 4 spell: Petrify
  5149 | D:4      | Reached skill level 5 in Earth Magic
  5856 | D:5      | Entered Level 5 of the Dungeon
  5891 | D:5      | Reached XP level 7. HP: 45/45 MP: 7/11
  6003 | D:5      | Killed from afar by an orc wizard

Levels and vault maps discovered:
D:1:      evilmike_arrival_hilbert_curve, layout_basic
D:2:      layout_loops_ring, chequers_serial_rivers_marsh
D:3:      layout_loops_corners, okawaru_gym_becter, uniq_robin, uniq_natasha
D:4:      layout_cave_pools, first_ration
D:5:      layout_basic, serial_corexii_hall, corexii_hall_statues_x,
          chequers_hall_statues_wall_a, serial_bayou_crossing

Skill      XL: |  1  2  3  4  5  6 |
---------------+-------------------+-----
Stealth        | 3 4 |  4.5
Earth Magic    | 4 5 |  5.3
Short Blades   | 1 2 |  2.2
Fighting       | 1 2 |  2.1
Dodging        | 3 |  3.2
Spellcasting   | 3 |  3.1
Transmutations | |  1.5

Action                   |  1- 3 |  4- 6 |  7- 9 || total
-------------------------+-------+-------+-------++-------
Melee: Unarmed           |    46 |       |       ||    46
       Constrict         |    14 |    24 |     2 ||    40
       Tentacles         |    11 |    20 |       ||    31
       Dagger            |    17 |   110 |     7 ||   134
Throw: Stone             |       |       |     2 ||     2
 Cast: Sandblast         |    12 |    49 |    13 ||    74
       Passwall          |       |     1 |       ||     1
  Use: Potion            |     1 |       |       ||     1
       Scroll            |       |     3 |       ||     3
 Stab: Sleeping          |     4 |    11 |       ||    15
  Eat: Chunk             |     3 |    11 |       ||    14
       Ration            |       |     1 |       ||     1
Armor: Skin              |     3 |    15 |       ||    18
Dodge: Dodged            |    51 |    96 |     4 ||   151

Table legend:
 A = Non-vault XP
 B = Vault XP
 C = Vault XP percentage of total XP
 D = Non-vault monster count
 E = Vault monster count
 F = Vault count percentage of total count
                 A         B        C        D         E       F
            +---------+---------+-------+---------+---------+-------
      Total |     696 |      67 |   8.8 |      83 |      11 |  11.7
            +---------+---------+-------+---------+---------+-------
        D:1 |      38 |       0 |   0.0 |      22 |       0 |   0.0
        D:2 |     163 |       0 |   0.0 |      30 |       0 |   0.0
        D:3 |     121 |      67 |  35.6 |      19 |      11 |  36.7
        D:4 |     213 |       0 |   0.0 |       8 |       0 |   0.0
        D:5 |     161 |       0 |   0.0 |       4 |       0 |   0.0
            +---------+---------+-------+---------+---------+-------
